Map: Abyssal Reef LE

Players

Elazer - Winner!

  • Race: Zerg Zerg
  • League: Master
  • Spawn Location: 11:00

DeMusliM

  • Race: Terran Terran
  • League: Grandmaster
  • Spawn Location: 5:00

Event: WESG Barcelona European Finals 2017

VOD

Have the link to the VOD?

Description

Time

  • Played on: Nov. 25, 2017, 8:15 a.m.
  • Length: 6:09

All games in this series

Show
View Real Time Build Order
Export as new Build Order

Elazer Zerg - Winner!

Build Orders: Hatch First 

Get SALT Encoding   

  12  0:00  Drone  
  13  0:12  Overlord  
  13  0:17  Drone  
  14  0:32  Drone x2  
  14  0:34  Drone  
  17  0:53  Hatchery  
  17  0:55  Drone  
  17  0:58  Drone  
  18  1:09  Extractor  
  17  1:13  Spawning Pool  
  17  1:16  Drone  
  17  1:19  Drone  
  18  1:28  Drone  
  19  1:39  Overlord  
  19  1:50  Drone  
  20  1:59  Queen  
  20  2:00  Zergling x2  
  23  2:04  Queen  
  23  2:05  Zergling x2  
  26  2:19  Hatchery  
  26  2:22  Drone  
  26  2:28  Drone  
  26  2:32  Metabolic Boost  
  26  2:39  Drone  
  26  2:43  Drone  
  27  2:46  Pneumatized Carapace  
  27  2:49  Drone  
  28  2:52  Drone  
  28  2:55  Drone  
  28  2:57  Drone  
  31  3:03  Overlord  
  31  3:06  Drone  
  31  3:07  Drone  
  31  3:12  Drone  
  34  3:13  Drone  
  35  3:21  Queen  
  35  3:22  Drone  
  35  3:23  Drone  
  35  3:27  Drone  
  40  3:28  Drone  
  40  3:30  Drone  
  40  3:31  Drone  
  43  3:34  Drone  
  44  3:45  Extractor  
  44  3:46  Zergling x6, Roach Warren  
  45  3:51  Lair  
  45  3:55  Zergling x2  
  46  3:58  Queen  
  48  4:04  Drone, Evolution Chamber  
  48  4:05  Drone  
  48  4:06  Drone  
  50  4:11  Overlord  
  50  4:19  Overlord  
  50  4:25  Extractor  
  51  4:31  Roach x2  
  51  4:32  Roach x2  
  51  4:36  Overlord  
  57  4:38  Roach  
  57  4:39  Roach  
  57  4:43  Overlord  
  57  4:45  Roach  
  63  4:50  Roach  
  65  4:56  Roach  
  65  4:57  Roach  
  69  5:00  Overlord  
  69  5:01  Zergling x8  
  73  5:08  Ravager  
  73  5:13  Zergling x2  
  73  5:14  Zergling x10  
  79  5:23  Overseer, Ravager  
  79  5:26  Overlord  
  79  5:27  Zergling x4  
  79  5:28  Zergling x4  
  84  5:33  Zergling x6  
Show
View Real Time Build Order
Export as new Build Order

DeMusliM Terran 

Build Orders: Reaper Expand 

Get SALT Encoding   

  12  0:00  SCV  
  13  0:13  SCV  
  14  0:17  Supply Depot  
  14  0:25  SCV  
  15  0:38  SCV  
  15  0:40  Barracks  
  16  0:44  Refinery  
  16  0:50  SCV  
  17  1:03  SCV  
  18  1:15  SCV  
  19  1:27  Reaper, Orbital Command  
  20  1:40  Command Center  
  20  1:50  Supply Depot  
  20  1:52  SCV  
  21  1:59  Marine  
  22  2:04  SCV  
  23  2:14  Factory, Refinery  
  23  2:20  Barracks Reactor  
  23  2:25  SCV  
  24  2:37  SCV  
  25  2:49  SCV  
  26  2:54  Orbital Command  
  26  3:00  Starport  
  26  3:02  SCV  
  26  3:04  Hellion x2  
  31  3:07  Barracks Tech Lab  
  31  3:14  SCV  
  32  3:23  SCV  
  32  3:26  SCV, Hellion x2  
  38  3:29  Supply Depot  
  38  3:35  SCV  
  38  3:38  SCV  
  40  3:42  Viking  
  40  3:47  SCV  
  43  3:50  SCV  
  44  3:59  SCV  
  44  4:00  Command Center  
  44  4:02  SCV  
  46  4:11  SCV  
  46  4:13  Barracks Tech Lab  
  46  4:14  SCV, Supply Depot  
  46  4:16  Supply Depot  
  48  4:23  SCV  
  49  4:26  SCV, Barracks  
  49  4:30  Factory Reactor  
  50  4:32  Marine, Barracks  
  50  4:36  SCV  
  52  4:38  SCV  
  52  4:43  Engineering Bay  
  53  4:46  Engineering Bay  
  53  4:48  SCV  
  53  4:51  Starport Reactor, Marine  
  55  4:53  SCV  
  56  5:00  SCV  
  56  5:06  SCV  
  58  5:09  Marine  
  58  5:12  SCV  
  58  5:17  Orbital Command  
  58  5:18  SCV, Marine x2  
  60  5:24  SCV  
  61  5:29  Refinery  
  61  5:30  SCV, Marine x2, Refinery  
  61  5:31  Marine  
  61  5:33  Factory Tech Lab  
  64  5:36  SCV  
  64  5:38  Marine x2  
  64  5:42  SCV x2  
  64  5:48  Marine x2  
  64  5:49  Marine  
Tags
 
Add a new tag
Caveats
  • Supply blocks, unpowered buildings, or Contaminate may cause inaccurate times.
  • Supply counts are checked every 10 seconds.